 Dungeon Crawl Stone Soup version 0.22-a0-439-gac93bac (webtiles) character file.

15642 iamserjio the Cleaver (level 12, -1/99 HPs)
             Began as a Vine Stalker Berserker on May 29, 2018.
             Was a High Priest of Trog.
             Slain by a troll (5 damage)
             ... on level 1 of the Orcish Mines.
             The game lasted 00:23:43 (8793 turns).

iamserjio the Cleaver (Vine Stalker Berserker)      Turns: 8793, Time: 00:23:44

Health: -1/99      AC: 17    Str: 32    XL:     12   Next: 29%
Magic:  0/13       EV:  7    Int:  7    God:    Trog [*****.]
Gold:   913        SH: 11    Dex: 15    Spells: 11/11 levels left

rFire    + . .     SeeInvis .   H - +8 broad axe "Geidghopp" {holy, Str+3}
rCold    . . .     Gourm    .   L - +0 shield (curse)
rNeg     . . .     Faith    .   F - +0 chain mail
rPois    .         Spirit   +   r - +2 helmet
rElec    .         Reflect  .   (no cloak)
rCorr    .         Harm     .   (no gloves)
MR       +++..                  y - +2 pair of boots
Stlth    ..........             i - amulet of guardian spirit
HPRegen  2.06/turn              C - ring of protection from fire
MPRegen  0.13/turn              (no ring)

@: berserking, about to teleport, regenerating, studying Invocations, very quick
A: fangs 3, regeneration 2, magic shield, antimagic bite, no potion heal 3, rot
immunity
a: Berserk, Trog's Hand, Brothers in Arms, Renounce Religion


You were on level 1 of the Orcish Mines.
You worshipped Trog.
Trog was extremely pleased with you.
You were near starving.

You visited 2 branches of the dungeon, and saw 11 of its levels.
You also visited: Bailey.

You collected 913 gold pieces.

Inventory:

Hand Weapons
 s - a +2 mace of protection
 H - the +8 broad axe "Geidghopp" (weapon) {holy, Str+3}
   (Trog gifted it to you in a bailey)

   It has been blessed by the Shining One to cause great damage to the undead
   and demons.
   It affects your strength (+3).
 J - a +1 scimitar of flaming
Missiles
 G - 67 tomahawks of returning (quivered)
Armour
 r - a +2 helmet (worn)
 y - a +2 pair of boots (worn)
 F - a +0 chain mail (worn)
 K - a cursed +0 leather armour
 L - a cursed +0 shield (worn)
Jewellery
 d - a +2 ring of intelligence {unknown}
 i - an amulet of guardian spirit (around neck)
 C - a ring of protection from fire (left hand)
Wands
 n - a wand of iceblast (15)
 q - a wand of polymorph (10)
 t - a wand of enslavement (11)
Scrolls
 e - 6 scrolls of teleportation
 g - 2 scrolls of amnesia {unknown}
 l - 3 scrolls of immolation
 m - 4 scrolls of enchant weapon
 v - a scroll of fog
Potions
 b - a potion of ambrosia {unknown}
 f - 2 potions of might
 h - a potion of agility {unknown}
 j - 7 potions of heal wounds {unknown}
 o - a potion of invisibility {unknown}
 u - 5 potions of magic {unknown}
 w - a potion of mutation {unknown}
 z - a potion of haste
 A - a potion of lignification {unknown}
 B - 10 potions of curing {unknown}
 I - a potion of experience {unknown}
Books
 x - a manual of Invocations
Miscellaneous
 p - a sack of spiders
 D - a box of beasts
 E - a fan of gales
Comestibles
 c - 12 rations
 M - 20 chunks of flesh


   Skills:
 + Level 9.3 Fighting
 * Level 12.5 Axes
 + Level 8.3 Armour
 - Level 1.5 Dodging
 + Level 3.8 Shields


You had 11 spell levels left.
You didn't know any spells.
Your spell library was empty.

Dungeon Overview and Level Annotations

Branches:
Dungeon (9/15)             Temple (0/1) D:6             Orc (2/2) D:9
    Elf (0/3) Orc:2
   Lair: D:8-11

Altars:
Ashenzari
Dithmenos
Elyvilon
Fedhas
Gozag
Makhleb
Nemelex Xobeh
Sif Muna
Uskayaw
Vehumet
Wu Jian
Yredelemnul
The Shining One

Shops:
Orc:1 }   Orc:2 =

Annotations:
Orc:2 Erolcha, Rupert


Innate Abilities, Weirdness & Mutations

You have razor-sharp teeth.
You heal very quickly.
When hurt, damage is shared between your health and your magic reserves.
Your bite disrupts and absorbs the magic of your enemies.
Potions cannot restore your health.
You are immune to rotting.


Message History

As you read the scroll of teleportation, it crumbles to dust.
You feel strangely unstable. The troll bites you. The troll claws you.
You block the troll's attack.
The ogre hits you with a giant spiked club!
* * * LOW HITPOINT WARNING * * *
The troll bites you but does no damage. The troll claws you!
* * * LOW HITPOINT WARNING * * *
The troll claws you but does no damage.
Okay, then.
A red film seems to cover your vision as you go berserk!
You feel yourself moving faster!
You feel mighty!
You are near starving!
The ogre hits you but does no damage. The troll bites you!
* * * LOW HITPOINT WARNING * * *
The troll claws you.
* * * LOW HITPOINT WARNING * * *
You block the troll's attack.
The cyclops hits you but does no damage.
The troll bites you.
You die...

###....#......####
#.#....##.....#..##
#......##.........##
#......##........#.## ###
#...................# ##.##
#...........[)[.##.##
#...###...........[.######
...##.##.......OCO.##
.......##......T@#..####
........##.....T####.#.##
.................##.....#
........#.....∩........##
.#......#...............##
.#.......................##
..............##..........#
.............###.........##
...#..........##..........#


You could see a cyclops, 2 trolls and 2 ogres.

Vanquished Creatures
  Erica (D:9)
  5 two-headed ogres
  2 ogre magi (Orc:2)
  An unseen horror (D:7)
  A deep troll (Orc:1)
  The ghost of Gorglomux the Skirmisher, a novice MiAK of Lugonu (D:9)
  The ghost of tstbtto the Cleaver, a novice FoFi (D:4)
  An orc knight (Bailey)
  Psyche (D:9)
  6 trolls
  3 hippogriffs
  A spriggan (D:7)
  3 wargs
  5 orc warriors
  2 sky beasts (D:7)
  2 black bears (D:7)
  16 ogres
  4 centaurs
  A big kobold (D:7)
  4 bullfrogs
  3 scorpions
  A killer bee (D:7)
  2 vampire bats (D:4)
  4 crimson imps
  A bullfrog zombie (D:7)
  A centaur zombie (D:5)
  2 centaur skeletons
  7 hounds
  2 jellies
  An iguana (D:6)
  5 orc priests
  8 orc wizards
  A worker ant (D:7)
  Robin (D:3)
  13 gnolls (Bailey)
  11 adders
  A shadow imp (D:5)
  An ooze (D:3)
  2 adder skeletons
  2 worms
  A dart slug (D:2)
  7 leopard geckos
  34 orcs
  A ball python (D:6)
  6 giant cockroaches
  22 goblins
  18 hobgoblins
  13 jackals
  2 quokkas
  18 bats
  4 frilled lizards
  22 kobolds
  A quokka skeleton (D:5)
  A quokka zombie (D:6)
  5 rats
285 creatures vanquished.

Vanquished Creatures (collateral kills)
  Donald (Orc:2)
  A two-headed ogre (Orc:2)
2 creatures vanquished.

Grand Total: 287 creatures vanquished

Notes
Turn   | Place    | Note
-------+----------+-------------------------------------------
     0 | D:1      | iamserjio the Vine Stalker Berserker began the quest for the Orb.
     0 | D:1      | Reached XP level 1. HP: 11/11 MP: 2/2
   236 | D:1      | Reached XP level 2. HP: 16/16 MP: 3/3
   239 | D:1      | Reached skill level 3 in Axes
   506 | D:1      | Reached XP level 3. HP: 17/19 MP: 4/4
   558 | D:1      | Reached ** piety under Trog
  1237 | D:2      | Gained mutation: Your natural rate of healing is unusually fast. [Vine Stalker growth]
  1237 | D:2      | Reached XP level 4. HP: 21/24 MP: 5/5
  1438 | D:2      | Found a faded altar of an unknown god.
  1942 | D:3      | Reached skill level 4 in Axes
  1971 | D:3      | Reached *** piety under Trog
  2021 | D:3      | Reached XP level 5. HP: 28/28 MP: 6/6
  2023 | D:3      | Noticed Robin
  2089 | D:3      | Killed Robin
  2925 | D:4      | Found the +4 Vampire's Tooth {vamp}
  2930 | D:4      | Reached XP level 6. HP: 32/33 MP: 7/7
  3026 | D:4      | Noticed tstbtto's ghost (novice FoFi)
  3110 | D:4      | Killed tstbtto's ghost
  3110 | D:4      | Reached skill level 5 in Axes
  3110 | D:4      | Reached XP level 7. HP: 36/38 MP: 6/8
  3348 | D:5      | Entered Level 5 of the Dungeon
  3398 | D:5      | Reached skill level 6 in Axes
  3462 | D:5      | Reached **** piety under Trog
  3551 | D:5      | Gained mutation: You have razor-sharp teeth. [Vine Stalker growth]
  3551 | D:5      | Reached XP level 8. HP: 42/42 MP: 9/9
  3667 | D:5      | Reached skill level 5 in Fighting
  3937 | D:5      | Reached skill level 7 in Axes
  4202 | D:6      | Found a staircase to the Ecumenical Temple.
  4624 | D:7      | Reached XP level 9. HP: 48/48 MP: 7/10
  4646 | D:7      | Found a large runed door.
  4646 | D:7      | Found a large runed door.
  4676 | D:7      | Reached skill level 8 in Axes
  4676 | D:7      | Reached skill level 5 in Armour
  4707 | D:7      | Found a large runed door.
  4707 | D:7      | Found a large runed door.
  4815 | D:7      | Noticed a two-headed ogre
  4905 | D:7      | Reached ***** piety under Trog
  5159 | D:7      | Reached skill level 9 in Axes
  5408 | D:7      | Killed an unseen horror
  5408 | D:7      | Reached XP level 10. HP: 20/55 MP: 1/11
  5508 | D:7      | Killed a two-headed ogre
  5508 | D:7      | Reached skill level 10 in Axes
  5780 | D:8      | Found a flagged portal.
  5789 | Bailey   | Entered a bailey
  5795 | Bailey   | Received a gift from Trog
  5816 | Bailey   | Got a jewelled broad axe {god gift}
  5817 | Bailey   | Identified the +8 broad axe "Geidghopp" {holy, Str+3} (Trog gifted it to you in a bailey)
  5934 | Bailey   | Noticed an orc knight
  6013 | Bailey   | Killed an orc knight
  6279 | D:8      | Noticed a two-headed ogre
  6286 | D:8      | Killed a two-headed ogre
  7084 | D:9      | Noticed Erica
  7092 | D:9      | Killed Erica
  7092 | D:9      | Reached XP level 11. HP: 60/60 MP: 9/12
  7131 | D:9      | Reached skill level 11 in Axes
  7209 | D:9      | Noticed Psyche
  7214 | D:9      | Killed Psyche
  7319 | D:9      | Noticed Gorglomux's ghost (novice MiAK)
  7324 | D:9      | Killed Gorglomux's ghost
  7366 | D:9      | Found a burning altar of Makhleb.
  7367 | D:9      | Found a hide-covered altar of Uskayaw.
  7369 | D:9      | Found a white marble altar of Elyvilon.
  7417 | D:9      | Found a staircase to the Orcish Mines.
  7517 | D:9      | Found a radiant altar of Vehumet.
  7517 | D:9      | Found a sparkling altar of Nemelex Xobeh.
  7517 | D:9      | Found a basalt altar of Yredelemnul.
  7517 | D:9      | Found a shattered altar of Ashenzari.
  7521 | D:9      | Found an opulent altar of Gozag.
  7521 | D:9      | Found a glowing golden altar of the Shining One.
  7522 | D:9      | Found a deep blue altar of Sif Muna.
  7523 | D:9      | Found a shadowy altar of Dithmenos.
  7524 | D:9      | Found an ornate altar of the Wu Jian Council.
  7525 | D:9      | Found a blossoming altar of Fedhas.
  7657 | Orc:1    | Entered Level 1 of the Orcish Mines
  7657 | Orc:1    | Found a burning altar of Makhleb.
  7718 | Orc:1    | Found Yrasa's Gadget Shop.
  7987 | Orc:2    | Entered Level 2 of the Orcish Mines
  8004 | Orc:2    | Received a gift from Trog
  8004 | Orc:2    | Reached skill level 1 in Shields
  8006 | Orc:2    | Noticed an ogre mage
  8057 | Orc:2    | Noticed a deep troll
  8058 | Orc:2    | Noticed an ogre mage
  8063 | Orc:2    | Killed an ogre mage
  8079 | Orc:1    | Killed a deep troll
  8160 | Orc:2    | Found a staircase to the Elven Halls.
  8160 | Orc:2    | Found Pesusk's Jewellery Emporium.
  8160 | Orc:2    | Noticed a two-headed ogre
  8160 | Orc:2    | Noticed Erolcha
  8162 | Orc:2    | Noticed a deep troll
  8278 | Orc:1    | Killed a two-headed ogre
  8409 | Orc:2    | Noticed a two-headed ogre
  8411 | Orc:2    | Killed an ogre mage
  8414 | Orc:2    | Noticed Donald
  8417 | Orc:2    | Noticed a two-headed ogre
  8422 | Orc:1    | Killed a two-headed ogre
  8422 | Orc:1    | Reached skill level 12 in Axes
  8557 | Orc:2    | Noticed a cyclops
  8637 | Orc:2    | Killed a two-headed ogre
  8637 | Orc:2    | Gained mutation: You heal very quickly. [Vine Stalker growth]
  8637 | Orc:2    | Reached XP level 12. HP: 66/66 MP: 13/13
  8640 | Orc:2    | Killed Donald
  8648 | Orc:2    | Noticed a two-headed ogre
  8648 | Orc:2    | Noticed a two-headed ogre
  8664 | Orc:1    | Killed a two-headed ogre
  8747 | Orc:2    | Noticed Rupert
  8793 | Orc:1    | HP: 4/99 [troll (4)]
  8793 | Orc:1    | Slain by a troll

Vault maps used:
D:1:      dpeg_arrival_three_same_balls, hangedman_decor_growths
D:2:      chequers_ecumenical_altar_simple_redux, columned_hall_lemuel,
          grunt_decor_resistance
D:3:      serial_glass, glass_columns_a, glass_columns_a, glass_columns_a,
          glass_columns_c, glass_columns_a, glass_columns_c, glass_columns_a,
          glass_columns_c, item_on_display_a, item_on_display_a, uniq_robin
D:4:      first_ration, minmay_guarded_unrand_vampires_tooth
D:6:      temple_statues, kennysheep_boxes
D:7:      the_bakery, minmay_hollow_rounded_squares
D:8:      enter_bailey_2
D:9:      minitemple, uniq_erica, uniq_psyche
Orc:1:    serial_shops, shop, basic_altar
Orc:2:    st_orc_open, serial_shops, shop_fountains, uniq_donald, uniq_rupert,
          uniq_erolcha
Bailey:   bailey_axe_2, bailey

Skill      XL: |  1  2  3  4  5  6  7  8  9 10 11 |
---------------+----------------------------------+-----
Axes           | 3 4 5 6 7 9 10 12 | 12.5
Fighting       | 3 4 5 7 8 9 |  9.3
Armour         | 2 3 4 6 7 8 |  8.3
Shields        | 3 |  3.8
Dodging        | |  1.5

Action                   |  1- 3 |  4- 6 |  7- 9 | 10-12 || total
-------------------------+-------+-------+-------+-------++-------
Melee: Hand axe          |   100 |   194 |   271 |    30 ||   595
       Bite              |    25 |    50 |   100 |    63 ||   238
       Broad axe         |       |       |       |   178 ||   178
Invok: Berserk           |       |     1 |     9 |    10 ||    20
       Trog's Hand       |       |       |     1 |     4 ||     5
       Brothers in Arms  |       |       |       |     1 ||     1
Evoke: Wand              |       |       |       |     1 ||     1
  Use: Scroll            |       |       |    11 |     2 ||    13
       Potion            |       |       |       |     1 ||     1
 Stab: Sleeping          |     1 |       |       |       ||     1
  Eat: Chunk             |       |     7 |     9 |    19 ||    35
       Ration            |       |       |     2 |     1 ||     3
Armor: Animal skin       |    23 |     7 |       |       ||    30
       Scale mail        |       |    99 |    39 |       ||   138
       Chain mail        |       |       |    98 |   152 ||   250
Dodge: Dodged            |    89 |   156 |   103 |   125 ||   473
Block: Shield            |       |       |       |    69 ||    69

Table legend:
 A = Spawn XP
 B = Non-spawn XP
 C = Spawn XP percentage of total XP
 D = Spawn monster count
 E = Non-spawn monster count
 F = Spawn count percentage of total count
 G = Total turns spent on level
                    A         B        C        D         E        F      G
               +---------+---------+-------+---------+---------+-------+---------
         Total |       0 |   22347 |   0.0 |       0 |     287 |   0.0 |  8793
               +---------+---------+-------+---------+---------+-------+---------
           D:1 |       0 |      52 |   0.0 |       0 |      31 |   0.0 |   962
           D:2 |       0 |      61 |   0.0 |       0 |      19 |   0.0 |   817
           D:3 |       0 |     108 |   0.0 |       0 |      38 |   0.0 |   869
           D:4 |       0 |     746 |   0.0 |       0 |      16 |   0.0 |   700
           D:5 |       0 |     772 |   0.0 |       0 |      20 |   0.0 |   768
           D:6 |       0 |     502 |   0.0 |       0 |      16 |   0.0 |   486
           D:7 |       0 |    4239 |   0.0 |       0 |      45 |   0.0 |  1178
           D:8 |       0 |    1273 |   0.0 |       0 |      11 |   0.0 |   780
           D:9 |       0 |    2894 |   0.0 |       0 |      12 |   0.0 |   707
         Orc:1 |       0 |    5218 |   0.0 |       0 |      29 |   0.0 |   963
         Orc:2 |       0 |    5693 |   0.0 |       0 |      16 |   0.0 |    96
        Bailey |       0 |     789 |   0.0 |       0 |      34 |   0.0 |   467
               +---------+---------+-------+---------+---------+-------+---------
